 Dungeon Crawl Stone Soup version 0.17-a0-1701-gf693a3f (console) character file.

210 Monkaria the Scratcher (level 5, -3/24 HPs)
             Began as a Felid Chaos Knight on Aug 20, 2015.
             Slain by a centaur (6 damage)
             ... on level 4 of the Dungeon.
             The game lasted 00:03:54 (4132 turns).

Monkaria the Scratcher (Felid Chaos Knight)         Turns: 4132, Time: 00:03:55

Health: -3/24      AC:  1    Str:  9    XL:     5   Next: 57%
Magic:  6/6        EV: 21    Int: 13    God:    Xom [......]
Gold:   211        SH:  0    Dex: 16    Spells: 0 memorised, 4 levels left
                                        Lives:  0   Deaths: 1

rFire  . . .     SeeInvis +       - Unarmed
rCold  . . .     Clarity  .     (armour unavailable)
rNeg   . . .     SustAt   .     (shield unavailable)
rPois  .         Gourm    .     (helmet unavailable)
rElec  .         Spirit   .     (cloak unavailable)
rCorr  .         Warding  .     (gloves unavailable)
rMut   .         Stasis   .     (boots unavailable)
MR     .....                    (no amulet)
Stlth  ++........               u - +1 ring of evasion
                                m - +2 ring of evasion

@: quick, not resistant to hostile enchantments, unstealthy
A: no armour, no weapons or thrown items, claws 1, fangs 3, see invisible,
carnivore 3, speed 1, shaggy fur 1, slow metabolism 1, sharp paws
a: Renounce Religion


You were on level 4 of the Dungeon.
You worshipped Xom.
You were a very special plaything of Xom.
You were not hungry.

You visited 1 branch of the dungeon, and saw 4 of its levels.

You collected 211 gold pieces.

Inventory:

Jewellery
 m - a +2 ring of evasion (left paw)
 u - a +1 ring of evasion (right paw)
 w - an uncursed ring of magical power
Magical devices
 o - a wand of flame (29)
Scrolls
 b - 5 scrolls of immolation {unknown}
 c - a scroll of random uselessness {unknown}
 d - 4 scrolls of identify {unknown}
 e - a scroll of enchant armour {unknown}
 h - a scroll of enchant weapon {unknown}
 i - a scroll of remove curse {unknown}
 l - a scroll of fear {unknown}
 q - a scroll of blinking {unknown}
 r - a scroll of recharging {unknown}
Potions
 g - a potion of curing
 k - a potion of degeneration {unknown}
 n - a potion of mutation {unknown}
 p - a potion of berserk rage {unknown}
 s - a potion of might {unknown}
Comestibles
 a - 3 meat rations
 f - 2 slices of pizza
 j - 2 beef jerkies
 t - a royal jelly
 v - 2 chunks of flesh


   Skills:
 - Level 3.0 Fighting
 - Level 3.2 Dodging
 + Level 7.1 Unarmed Combat


You had 4 spell levels left.
You didn't know any spells.

Dungeon Overview and Level Annotations

Branches:
Dungeon (4/15)
 Temple: D:4-7

Altars:
Makhleb
Ru


Innate Abilities, Weirdness & Mutations

You cannot wear armour.
You are incapable of wielding weapons or throwing items.
You have sharp claws.
You have razor-sharp teeth.
You have supernaturally acute eyesight.
You are carnivorous and can eat meat at any time.
You cover ground quickly.
You are covered in fur (AC +1).
You have a slow metabolism.
Your sharp claws are effective at attacking unaware monsters.


Message History

A centaur comes into view.
A centaur is nearby!
You start resting.
You start resting.
The centaur wields a shortbow.
The centaur shoots an arrow of dispersal.
The arrow of dispersal barely misses you.
The centaur shoots an arrow of dispersal.
The arrow of dispersal barely misses you.
The centaur unwields an uncursed shortbow.
The centaur completely misses you.
You claw the centaur!
The centaur is moderately wounded.
The centaur hits you!
* * * LOW HITPOINT WARNING * * *
You scratch the centaur but do no damage.
The centaur is moderately wounded.
The centaur hits you.
You die...
Xom titters!

#....# #....# ######
#....## #....#
..<...###### #....#
#...)#.....# #....#
#....#.....###....###
#....#.....#........#
#....###.###........#
#.##.# #.# ###..@c###
>.##.###.# #....#
####..##.# #....# #
##..#.# #....#
##.#.#####.#.##
#............#
###..........#
#.....<....#
#..........#


You could see a centaur.

Vanquished Creatures
  A hound (D:4)
  An orc priest (D:4)
  A gnoll shaman (D:4)
  Natasha (twice) (D:4)
  2 worker ants (D:4)
  3 adders
  7 gnolls
  2 oozes (D:4)
  2 giant geckos
  9 orcs
  4 giant cockroaches
  8 hobgoblins
  10 kobolds
  A quokka (D:4)
  2 bats
  A giant gecko skeleton (D:4)
  A giant newt (D:3)
  4 goblins
  11 rats
72 creatures vanquished.

Notes
Turn   | Place    | Note
--------------------------------------------------------------
     0 | D:1      | Monkaria the Felid Chaos Knight began the quest for the Orb.
     0 | D:1      | Reached XP level 1. HP: 10/10 MP: 2/2
     6 | D:1      | Noticed a wolf
     6 | D:1      | Noticed a polar bear
     6 | D:1      | Noticed a worker ant
   130 | D:1      | XOM: harmless Air miscast
   292 | D:1      | XOM: mild Fire miscast
   311 | D:1      | Reached XP level 2. HP: 9/14 MP: 3/3
   388 | D:1      | XOM: divination: detect items
   399 | D:1      | XOM: butterfly on damage
   684 | D:1      | Reached skill level 4 in Unarmed Combat
   705 | D:1      | Reached XP level 3. HP: 13/17 MP: 4/4
  1511 | D:3      | XOM: smoke on damage
  1771 | D:3      | Found a sacrificial altar of Ru.
  1941 | D:3      | XOM: divination: detect creatures
  2015 | D:3      | XOM: harmless Ice miscast
  2183 | D:4      | XOM: butterfly on damage
  2204 | D:3      | XOM: harmless Necr miscast
  2411 | D:3      | XOM: divination: detect creatures
  2456 | D:4      | Reached skill level 5 in Unarmed Combat
  2456 | D:4      | Reached XP level 4. HP: 14/21 MP: 5/5
  2476 | D:4      | XOM: potion effect (berserk rage)
  2599 | D:4      | XOM: harmless Necr miscast
  2649 | D:4      | XOM: god gift: 2 fruits
  2793 | D:4      | Found a burning altar of Makhleb.
  2796 | D:4      | Reached XP level 5. HP: 17/24 MP: 6/6
  2824 | D:4      | Reached skill level 6 in Unarmed Combat
  2842 | D:4      | XOM: god gift: ring mail {god gift}
  3041 | D:4      | XOM: god gift: glowing golden ring {god gift}
  3079 | D:4      | XOM: mild Hex miscast
  3124 | D:4      | XOM: swap monsters
  3203 | D:4      | Noticed Natasha
  3213 | D:4      | Killed Natasha
  3318 | D:4      | Found a burning altar of Makhleb.
  3453 | D:4      | Noticed Natasha
  3458 | D:4      | Killed Natasha
  3532 | D:4      | Slain by a gnoll
  3533 | D:4      | Reached XP level 4. HP: 0/21 MP: 5/5
  3575 | D:4      | Reached XP level 5. HP: 8/24 MP: 6/6
  3580 | D:4      | XOM: silly message
  3582 | D:4      | XOM: butterfly on damage
  3588 | D:4      | XOM: enchant monster (good)
  3673 | D:3      | XOM: mild Necr miscast
  3816 | D:4      | Reached skill level 7 in Unarmed Combat
  3900 | D:4      | XOM: god gift: 4 needles of slowing
  4031 | D:4      | XOM: god gift: encrusted silver ring {god gift}
  4068 | D:4      | XOM: confuse monster(s)
  4082 | D:4      | XOM: harmless Ice miscast
  4118 | D:4      | Noticed a centaur
  4132 | D:4      | Slain by a centaur

Vault maps used:
D:1:      onia_arrival_zoo_common
D:3:      minmay_curled_crystal, nicolae_ru_awakened_eye
D:4:      lemuel_doored_altar, first_bread, uniq_natasha

Action                   |  1- 3 |  4- 6 || total
-------------------------+-------+-------++-------
Melee: Unarmed           |   119 |   104 ||   223
  Use: Potion            |     1 |     2 ||     3
 Stab: Sleeping          |     5 |       ||     5
       Distracted        |       |     1 ||     1
       Confused          |       |     2 ||     2
       Paralysed         |       |     1 ||     1
  Eat: Chunk             |     8 |     5 ||    13
